 Dungeon Crawl Stone Soup version 0.24-a0-479-g9a978d2 (webtiles) character file.

Game seed: 10953489026778012082

66 ssg the Changer (level 3, -6/28 HPs)
             Began as a Draconian Transmuter on July 9, 2019.
             Mangled by a worm (8 damage)
             ... on level 2 of the Dungeon.
             The game lasted 00:02:40 (2158 turns).

ssg the Changer (Draconian Transmuter)              Turns: 2158, Time: 00:02:41

Health: -6/28      AC:  5    Str: 12    XL:     3   Next: 96%
Magic:  6/6        EV: 12    Int: 14    God:
Gold:   122        SH:  3    Dex: 11    Spells: 2/6 levels left

rFire    . . .     SeeInvis .     - Unarmed
rCold    . . .     Gourm    .   (no shield)
rNeg     . . .     Faith    .   (armour unavailable)
rPois    .         Spirit   .   (helmet restricted)
rElec    .         Reflect  +   (no cloak)
rCorr    .         Harm     .   (no gloves)
MR       +....                  (no boots)
Stlth    +.........             g - +3 amulet of reflection
HPRegen  0.09/turn              b - ring of protection from magic
MPRegen  0.10/turn              (no ring)

@: no status effects
A: unfitting armour, cold-blooded, AC +5
a: no special abilities


You were on level 2 of the Dungeon.
You were not hungry.

You visited 1 branch of the dungeon, and saw 2 of its levels.

You collected 122 gold pieces.

Inventory:

Missiles
 a - 40 arrows
Jewellery
 b - a ring of protection from magic (left hand)
 d - an uncursed amulet of the acrobat
 g - a +3 amulet of reflection (around neck)
 l - an uncursed ring of resist corrosion {unknown}
Scrolls
 e - a scroll of teleportation {unknown}
 f - 2 scrolls of enchant armour {unknown}
 h - 2 scrolls of identify {unknown}
 k - a scroll of enchant weapon {unknown}
Potions
 i - 2 potions of flight {unknown}
 j - a potion of degeneration {unknown}
 m - a potion of ambrosia {unknown}
Comestibles
 c - a ration


   Skills:
 - Level 1.1 Fighting
 - Level 1.7 Dodging
 - Level 3.0 Unarmed Combat
 - Level 2.0 Spellcasting
 + Level 4.3 Transmutations


You had 2 spell levels left.
You knew the following spells:

 Your Spells              Type           Power        Failure   Level  Hunger
a - Beastly Appendage     Tmut           ##....       4%          1    ##.....
b - Spider Form           Tmut/Pois      #.........   30%         3    ####...

Your spell library contained the following spells:

 Spells                   Type           Power        Failure   Level  Hunger
 Sticks to Snakes         Tmut           ##......     6%          2    ###....
 Ice Form                 Ice/Tmut       #.......     69%         4    #####..
 Blade Hands              Tmut           ##........   73%         5    ######.


Dungeon Overview and Level Annotations

Branches:
Dungeon (2/15)

Altars:
Ashenzari
Dithmenos
Qazlal
Ru
Trog
Uskayaw
Yredelemnul


Innate Abilities, Weirdness & Mutations

Your plain brown scales are hard. (AC +5)
You cannot fit into any form of body armour.
You are cold-blooded and may be slowed by cold attacks.


Message History

The worm closely misses you.
You hit the worm.
The worm is moderately wounded.
You hit the worm but do no damage.
The worm is moderately wounded.
The worm bites you but does no damage.
The moth of wrath goads the worm on!
The worm goes berserk!
You hit the worm.
The worm is moderately wounded.
The worm completely misses you.
You hit the worm. You tail-slap the worm.
The worm is heavily wounded.
The worm bites you. The worm closely misses you.
You hit the worm.
The worm is severely wounded.
The worm bites you!
Ouch! That really hurt!
* * * LOW HITPOINT WARNING * * *
The worm bites you!
You die...

....................'.........'..
...##.######.#...####.........##.
......# #.##.## ##.......##..
####### ###### ##.....###.. #
###....## ##...## #.. #
##.......## ##'## ##. #
#.........# #.####### #
##....#....##### #......## #
#....###w@.##..###..###.# #
#.._.#y#.w.'...##)..###.## #
#.)..###...##............w
#)...#....##..##...###.##
#)).......###.###..###.#
##.......## #.# #......#
####....## #.# #.######
#.###########.# #.#
#.............# #.#


You could see a moth of wrath and 2 worms.

Vanquished Creatures
  An adder (D:2)
  An ooze (D:1)
  2 worms (D:2)
  A dart slug (D:1)
  A leopard gecko (D:1)
  2 bats (D:1)
  3 giant cockroaches
  10 goblins
  5 hobgoblins
  2 quokkas (D:2)
  A ball python (D:2)
  A frilled lizard (D:1)
  6 kobolds
  7 rats
43 creatures vanquished.

Notes
Turn   | Place    | Note
-------+----------+-------------------------------------------
     0 | D:1      | ssg the Draconian Transmuter began the quest for the Orb.
     0 | D:1      | Reached XP level 1. HP: 16/16 MP: 3/3
   101 | D:1      | Reached XP level 2. HP: 23/23 MP: 5/5
   117 | D:1      | Reached skill level 3 in Transmutations
   488 | D:1      | Reached XP level 3. HP: 18/28 MP: 6/6
   597 | D:1      | Learned a level 3 spell: Spider Form
  1215 | D:2      | Reached skill level 4 in Transmutations
  1278 | D:2      | Found a shadowy altar of Dithmenos.
  1278 | D:2      | Found a shattered altar of Ashenzari.
  1279 | D:2      | Found a basalt altar of Yredelemnul.
  1279 | D:2      | Found a hide-covered altar of Uskayaw.
  1279 | D:2      | Found a stormy altar of Qazlal.
  1287 | D:2      | Found a sacrificial altar of Ru.
  1779 | D:2      | Noticed a moth of wrath
  1781 | D:2      | Found a bloodstained altar of Trog.
  2158 | D:2      | Mangled by a worm

Levels and vault maps discovered:
D:1:      onia_arrival_pentagram, layout_loops_ring
D:2:      layout_loops_corners, tgw_trog, grunt_temple_overflow_open

Skill      XL: |  1  2  3 |
---------------+----------+-----
Transmutations | 3 4 |  4.3
Fighting       | |  1.1
Dodging        | |  1.7
Unarmed Combat | |  3.0
Spellcasting   | |  2.0

Action                   || total
-------------------------++-------
Melee: Unarmed           ||   194
       Tailslap          ||    13
       Punch             ||     1
 Cast: Spider Form       ||     2
  Eat: Chunk             ||     2
       Ration            ||     1
Armor: Skin              ||    37
Dodge: Dodged            ||   114
Block: Other             ||    13

Table legend:
 A = Non-vault XP
 B = Vault XP
 C = Vault XP percentage of total XP
 D = Non-vault monster count
 E = Vault monster count
 F = Vault count percentage of total count
                 A         B        C        D         E       F
            +---------+---------+-------+---------+---------+-------
      Total |      85 |      10 |  10.5 |      40 |       3 |   7.0
            +---------+---------+-------+---------+---------+-------
        D:1 |      53 |       0 |   0.0 |      27 |       0 |   0.0
        D:2 |      32 |      10 |  23.8 |      13 |       3 |  18.8
            +---------+---------+-------+---------+---------+-------
